 Dungeon Crawl Stone Soup version 0.25.0-1-g7eea58d2a3 (webtiles) character file.

Game seed: 18180949619571607189

1033 Descartes the Shield-Bearer (level 8, -11/63 HPs)
             Began as a Formicid Fighter on June 14, 2020.
             Was an Initiate of Sif Muna.
             Mangled by an orc warrior
             ... wielding a +0 dire flail
              (19 damage)
             ... in the Ecumenical Temple.
             The game lasted 00:09:59 (5497 turns).

Descartes the Shield-Bearer (Formicid Fighter)      Turns: 5497, Time: 00:10:00

Health: -11/63     AC: 10    Str: 23    XL:     8   Next: 48%
Magic:  8/8        EV:  7    Int:  8    God:    Sif Muna [......]
Gold:   251        SH: 11    Dex: 16    Spells: 7/7 levels left

rFire    . . .     SeeInvis +   a - +0 war axe
rCold    . . .     Gourm    .   c - +0 kite shield
rNeg     . . .     Faith    .   z - +0 chain mail
rPois    .         Spirit   .   (helmet unavailable)
rElec    .         Reflect  .   (no cloak)
rCorr    .         Harm     .   (no gloves)
MR       .....                  (no boots)
Stlth    ..........             j - amulet of the acrobat
HPRegen  0.20/turn              E - +6 ring of dexterity
MPRegen  0.11/turn              (no ring)

@: no status effects
A: permanent stasis, dig shafts and tunnels, four strong arms, antennae 3
a: Dig, Shaft Self, Renounce Religion


You were in the Ecumenical Temple.
You worshipped Sif Muna.
Sif Muna was noncommittal.
You were hungry.

You visited 2 branches of the dungeon, and saw 6 of its levels.

You collected 251 gold pieces.

Inventory:

Hand Weapons
 a - a +0 war axe (weapon)
Missiles
 e - 156 stones (quivered)
 o - 15 arrows
 s - 21 poisoned darts
 t - 17 sling bullets
Armour
 b - a +0 scale mail
 c - a +0 kite shield (worn)
 z - a +0 chain mail (worn)
Jewellery
 j - an amulet of the acrobat (around neck)
 E - a +6 ring of dexterity (left hand)
Wands
 w - a wand of polymorph (9)
 B - a wand of enslavement (4)
 F - a wand of clouds (6)
Scrolls
 h - 2 scrolls of fear {unknown}
 i - a scroll of immolation {unknown}
 k - a scroll of fog {unknown}
 l - 5 scrolls of identify {unknown}
 r - 3 scrolls of enchant armour {unknown}
 u - a scroll of teleportation {unknown}
 v - a scroll of enchant weapon {unknown}
 y - a scroll of amnesia {unknown}
 C - a scroll of remove curse {unknown}
 G - a scroll of magic mapping {unknown}
Potions
 d - a potion of might
 g - 2 potions of flight {unknown}
 m - a potion of brilliance {unknown}
 n - 4 potions of curing {unknown}
 p - 2 potions of mutation {unknown}
 q - 3 potions of lignification {unknown}
 x - 2 potions of cancellation {unknown}
 A - 2 potions of haste {unknown}
 D - a potion of degeneration {unknown}
Comestibles
 f - 10 rations


   Skills:
 + Level 5.6 Fighting
 + Level 5.0 Axes
 + Level 5.9 Armour
 - Level 0.5 Dodging
 * Level 6.9 Shields
 + Level 1.0 Evocations


You had 7 spell levels left.
You didn't know any spells.
Your spell library was empty.

Dungeon Overview and Level Annotations

Branches:
Dungeon (5/15)             Temple (1/1) D:5

Altars:
Ashenzari
Cheibriados
Dithmenos
Fedhas
Kikubaaqudgha
Makhleb
Okawaru
Qazlal
Ru
Sif Muna
Trog
Uskayaw
Yredelemnul
Zin
The Shining One

Shops:
D:4 *[


Innate Abilities, Weirdness & Mutations

You cannot be hasted, slowed, berserked, paralysed or teleported.
You can dig through walls and to a lower floor.
Your four strong arms can wield two-handed weapons with a shield.
You have a pair of large antennae on your head. (SInv)


Message History

You slash the ice beast!
The ice beast is almost dead.
Your shield and chain mail prevent you from hitting the orc warrior.
You block the orc warrior's attack. You block the ice beast's attack.
The orc warrior barely misses you.
You hit the ice beast.
You kill the ice beast!
Sif Muna accepts your kill.
Your Axes skill increases to level 5!
Your Evocations skill increases to level 1!
You hit the orc warrior but do no damage.
The orc warrior hits you with a +0 dire flail!
You closely miss the orc warrior.
The orc warrior is lightly wounded.
The orc warrior hits you with a +0 dire flail!!
* * * LOW HITPOINT WARNING * * *
You slash the orc warrior!
The orc warrior is moderately wounded.
The orc warrior hits you with a +0 dire flail!!
You die...

≈≈≈≈≈≈≈≈≈≈≈≈≈≈≈≈≈≈≈≈≈≈≈≈≈≈≈
≈≈≈≈≈≈≈≈≈≈≈≈≈≈≈≈≈≈≈≈≈≈≈≈≈≈≈≈≈
≈≈≈≈≈≈≈≈≈≈≈≈≈≈≈≈≈≈≈≈≈≈≈≈≈≈≈≈≈≈
≈≈≈≈≈≈≈≈≈≈≈≈≈≈≈≈≈≈≈≈≈≈≈≈≈≈≈≈≈≈
....≈.....≈.≈≈..≈≈≈≈≈≈≈≈≈≈≈≈≈≈≈
.PP............P.≈≈≈≈≈≈≈≈≈≈≈≈≈≈≈
..........♣....P.♣≈≈≈≈≈≈≈≈≈≈≈≈≈≈
...............o....≈≈≈≈≈≈≈≈≈≈≈≈
.....#######....@....≈≈≈≈≈≈≈≈≈≈≈
...###.....###♣.......≈≈≈≈≈≈≈≈≈≈
.###..._.....###......≈≈≈≈≈≈≈≈≈≈
##........._...##...P...≈≈≈≈≈≈≈≈
'..._........_..#.......≈≈≈≈≈≈≈≈
'......._.⌠.....#.......≈≈≈≈≈≈≈≈
'..._........_..#.P.....≈≈≈≈≈≈≈≈
##........._...##.....♣.≈≈≈≈≈≈≈≈
.###..._.....###.......≈≈≈≈≈≈≈≈≈


You could see an orc warrior.

Vanquished Creatures
  A moth of wrath (D:3)
  An ice beast (Temple)
  An ogre (D:4)
  A centaur (D:2)
  2 bullfrogs
  A crimson imp (D:5)
  A bullfrog zombie (D:3)
  A hound (D:2)
  A bullfrog skeleton (D:4)
  A centaur skeleton (D:4)
  5 adders
  4 oozes
  3 worms
  A dart slug (D:1)
  5 leopard geckos
  2 orcs
  7 bats
  4 giant cockroaches
  4 goblins
  4 hobgoblins
  4 jackals (D:3)
  8 kobolds
  3 quokkas
  4 frilled lizards
  8 rats
77 creatures vanquished.

Notes
Turn   | Place    | Note
-------+----------+-------------------------------------------
     0 | D:1      | Descartes the Formicid Fighter began the quest for the Orb.
     0 | D:1      | Reached XP level 1. HP: 18/18 MP: 1/1
   158 | D:1      | Reached XP level 2. HP: 23/24 MP: 2/2
   734 | D:1      | Reached skill level 4 in Shields
   734 | D:1      | Reached XP level 3. HP: 29/29 MP: 3/3
   907 | D:2      | Found a transporter.
   909 | D:2      | Noticed a centaur
   911 | D:2      | Noticed a bullfrog
   912 | D:2      | Found a transporter.
   914 | D:2      | Found a glowing golden altar of the Shining One.
   929 | D:2      | Killed a bullfrog
   929 | D:2      | Reached XP level 4. HP: 12/36 MP: 4/4
  1301 | D:2      | Reached XP level 5. HP: 22/42 MP: 5/5
  2512 | D:2      | Killed a centaur
  2512 | D:2      | Reached XP level 6. HP: 48/49 MP: 6/6
  2620 | D:3      | Reached skill level 5 in Shields
  3130 | D:3      | Noticed a moth of wrath
  3133 | D:3      | Found a bloodstained altar of Trog.
  3203 | D:3      | Killed a moth of wrath
  3203 | D:3      | Reached skill level 5 in Fighting
  3203 | D:3      | Reached skill level 5 in Armour
  3203 | D:3      | Reached XP level 7. HP: 22/56 MP: 7/7
  3453 | D:3      | Found a shimmering blue altar of Sif Muna.
  3453 | D:3      | Found a snail-covered altar of Cheibriados.
  3456 | D:3      | Found a hide-covered altar of Uskayaw.
  3469 | D:3      | Became a worshipper of Sif Muna the Loreminder
  3800 | D:4      | Found Aboic's Mass Market.
  3840 | D:4      | Reached skill level 6 in Shields
  3898 | D:4      | Reached XP level 8. HP: 62/62 MP: 8/8
  4620 | D:4      | Found a basalt altar of Yredelemnul.
  4897 | D:4      | Found Nenlacvo's Antique Armour Shoppe.
  4961 | D:5      | Entered Level 5 of the Dungeon
  4998 | D:5      | Found a staircase to the Ecumenical Temple.
  5031 | Temple   | Entered the Ecumenical Temple
  5495 | Temple   | Reached skill level 5 in Axes
  5495 | Temple   | Reached skill level 1 in Evocations
  5497 | Temple   | Mangled by an orc warrior

Illustrated notes

Levels and vault maps discovered:
D:1:      lemuel_arrival_hallway, layout_loops_ring, minmay_box_of_dots
D:2:      layout_loops_corners, gammafunk_temple_overflow_arena, minivault_25
D:3:      layout_loops_ring, tgw_trog, nicolae_overflow_hidden_temple,
          first_ration
D:4:      layout_basic, lemuel_crystal_altar, serial_shops,
          nicolae_shop_waterfront, minmay_shop_mass, roderic_roman_lattice
D:5:      layout_cave_pods, grunt_temple_overflow_opulence, kennysheep_mini,
          chequers_temple_overflow_minitemple, minmay_temple_entry_tees,
          chequers_garden, minmay_fractal_squares_gapless_5
Temple:   jpeg_temple_island

Skill      XL: |  1  2  3  4  5  6  7  8 |
---------------+-------------------------+-----
Shields        | 4 5 6 |  6.9
Axes           | 3 4 5 |  5.0
Armour         | 4 5 |  5.9
Fighting       | 4 5 |  5.6
Evocations     | 1 |  1.0
Dodging        | |  0.5

Action                   |  1- 3 |  4- 6 |  7- 9 || total
-------------------------+-------+-------+-------++-------
Melee: War axe           |    61 |   185 |    58 ||   304
 Abil: Dig               |       |     1 |     1 ||     2
  Eat: Chunk             |       |     7 |     4 ||    11
       Ration            |       |       |     1 ||     1
Armor: Scale mail        |    35 |    66 |     1 ||   102
       Chain mail        |       |       |    23 ||    23
Dodge: Dodged            |    38 |    73 |    18 ||   129
Block: Kite shield       |    35 |   118 |    35 ||   188
